 Dungeon Crawl Stone Soup version 0.24-a0-307-gf989941 (webtiles) character file.

Game seed: 1021838877028467822

18 Iscandelvey the Vexing (level 2, 0/21 HPs)
             Began as a Demonspawn Arcane Marksman on May 12, 2019.
             Slain by a leopard gecko (5 damage)
             ... on level 1 of the Dungeon.
             The game lasted 00:00:55 (189 turns).

Iscandelvey the Vexing (Demonspawn Arcane Marksman)  Turns: 189, Time: 00:00:55

Health: 0/21       AC:  2    Str: 10    XL:     2   Next: 51%
Magic:  3/3        EV: 12    Int: 14    God:
Gold:   37         SH:  4    Dex: 13    Spells: 2/3 levels left

rFire    . . .     SeeInvis .   a - +0 hand crossbow
rCold    . . .     Gourm    .   (no shield)
rNeg     . . .     Faith    .   e - +0 robe
rPois    .         Spirit   .   (no helmet)
rElec    .         Reflect  .   (no cloak)
rCorr    .         Harm     .   (no gloves)
MR       .....                  (no boots)
Stlth    +.........             (no amulet)
HPRegen  0.07/turn              (no ring)
MPRegen  0.08/turn              (no ring)

@: no status effects
A: large bone plates 1
a: no special abilities


You were on level 1 of the Dungeon.
You were not hungry.

You visited 1 branch of the dungeon, and saw 1 of its levels.

You collected 37 gold pieces.

Inventory:

Hand Weapons
 a - a +0 hand crossbow (weapon)
Armour
 e - a +0 robe (worn)
Jewellery
 l - an uncursed amulet of harm {unknown}
Scrolls
 b - a scroll of immolation {unknown}
 c - a scroll of random uselessness {unknown}
 j - a scroll of magic mapping {unknown}
 k - a scroll of teleportation {unknown}
Potions
 g - a potion of ambrosia {unknown}
 h - a potion of curing {unknown}
 i - a potion of agility {unknown}
Comestibles
 f - a ration


   Skills:
 + Level 1.2 Fighting
 + Level 2.2 Crossbows
 + Level 2.0 Dodging
 + Level 1.0 Spellcasting
 + Level 3.3 Hexes


You had 2 spell levels left.
You knew the following spells:

 Your Spells              Type           Power        Failure   Level  Hunger
a - Corona                Hex            ##.....      7%          1    ##.....

Your spell library contained the following spells:

 Spells                   Type           Power        Failure   Level  Hunger
 Slow                     Hex            ##......     10%         2    ###....
 Inner Flame              Hex/Fire       #.......     36%         3    ####...
 Portal Projectile        Hex/Tloc       #.....       36%         3    ####...
 Cause Fear               Hex            ##........   54%         4    #####..
 Leda's Liquefaction      Hex/Erth       #.........   78%         4    #####..


Dungeon Overview and Level Annotations

Branches:
Dungeon (1/15)

Altars:


Innate Abilities, Weirdness & Mutations

You are partially covered in large bone plates. (SH +4)


Message History

Aim: a leopard gecko (clinging)
Okay, then.
You see here a bolt.
d - a bolt The rat bites you.
Firing (i - inventory)
d - a bolt (quivered)
Press: ? - help, Shift-Dir - straight line, f/p - leopard gecko
Aim: a leopard gecko You shoot a bolt.
The bolt hits the leopard gecko.
The leopard gecko is moderately wounded.
The leopard gecko bites you. The rat bites you but does no damage.
The leopard gecko bites you. The rat barely misses you.
Firing (i - inventory) No suitable missiles.
Press: ? - help, Shift-Dir - straight line, f/p - leopard gecko
Aim: a leopard gecko (moderately wounded)
Okay, then.
The leopard gecko bites you.
* * * LOW HITPOINT WARNING * * *
The rat barely misses you. The leopard gecko bites you.
You die...

########.#........#
##..((.(.#
#.#####....###...((....
..# ###...##(........(
...####....#(†J†...(..(.
....#.......†##..........
.......##.....###.........
......# #...(.# ##.......#
#..Jrl############
#(!(@........
####(........ #.........
##########


You could see an ooze, a leopard gecko and a rat.

Vanquished Creatures
  5 hobgoblins (D:1)
  A kobold (D:1)
  2 frilled lizards (D:1)
  13 rats (D:1)
21 creatures vanquished.

Notes
Turn   | Place    | Note
-------+----------+-------------------------------------------
     0 | D:1      | Iscandelvey the Demonspawn Arcane Marksman began the quest
                  | for the Orb.
     0 | D:1      | Reached XP level 1. HP: 15/15 MP: 2/2
   135 | D:1      | Gained mutation: You are partially covered in large bone
                  | plates. (SH +4) [demonic ancestry]
   135 | D:1      | Reached XP level 2. HP: 21/21 MP: 3/3
   189 | D:1      | Slain by a leopard gecko

Levels and vault maps discovered:
D:1:      erik_arrival_orb_chamber, layout_rooms

Skill      XL: |  1  2 |
---------------+-------+-----
Crossbows      | 2 |  2.2
Dodging        | 2 |  2.0
Fighting       | |  1.2
Spellcasting   | |  1.0
Hexes          | |  3.3

Action                   || total
-------------------------++-------
 Fire: Hand crossbow     ||    42
Armor: Robe              ||     5
Dodge: Dodged            ||    15
Block: Other             ||     1

Table legend:
 A = Non-vault XP
 B = Vault XP
 C = Vault XP percentage of total XP
 D = Non-vault monster count
 E = Vault monster count
 F = Vault count percentage of total count
                 A         B        C        D         E       F
            +---------+---------+-------+---------+---------+-------
      Total |      16 |      11 |  40.7 |      10 |      11 |  52.4
            +---------+---------+-------+---------+---------+-------
        D:1 |      16 |      11 |  40.7 |      10 |      11 |  52.4
            +---------+---------+-------+---------+---------+-------
